 Dungeon Crawl Stone Soup version 0.31-a0-986-g5e6e4ef867 (webtiles) character file.

Game seed: 9017094978152107016

1146 wildpjah the Shooter (level 8, -7/62 HPs)
             Began as a Barachi Hunter on Nov 22, 2023.
             Was an Initiate of Okawaru.
             Mangled by a troll (13 damage)
             ... on level 5 of the Dungeon.
             The game lasted 00:12:42 (4553 turns).

wildpjah the Shooter (Barachi Hunter)               Turns: 4553, Time: 00:12:43

Health: -7/62      AC:  4    Str: 13    XL:     8   Next: 38%
Magic:  8/8        EV: 13    Int: 10    God:    Okawaru [......]
Gold:   246        SH:  0    Dex: 17    Spells: 7/7 levels left

rFire   . . .        i - +1 short sword (elec)
rCold   . . .        (no shield)
rNeg    . . .        c - +0 leather armour
rPois   .            (no helmet)
rElec   .            k - +0 cloak
rCorr   .            (no gloves)
SInv    .            (no boots)
Will    .....        (no amulet)
Stlth   ++           m - ring of wizardry
HPRegen 0.30/turn    (no ring)
MPRegen 0.11/turn

%: wizardry (x1)
@: mighty, slow
A: amphibious, slowness 1, strong legs 1, +LOS
a: Hop, Renounce Religion


You were on level 5 of the Dungeon.
You worshipped Okawaru.
Okawaru was noncommittal.
You visited 2 branches of the dungeon, and saw 6 of its levels.

You collected 246 gold pieces.

Inventory:

Hand Weapons
 a - a +0 shortbow
 g - a +0 long sword
 i - a +1 short sword of electrocution (weapon)
 u - a +1 sling of freezing
Armour
 c - a +0 leather armour (worn)
 k - a +0 cloak (worn)
Jewellery
 m - a ring of wizardry (left hand)
Wands
 d - a wand of flame (24)
 n - a wand of paralysis (11)
 q - a wand of mindburst (12)
 t - a wand of digging (7)
Scrolls
 b - a scroll of butterflies
 h - 4 scrolls of identify {unknown}
 o - a scroll of enchant armour {unknown}
 p - a scroll of torment {unknown}
 r - 2 scrolls of vulnerability {unknown}
 s - a scroll of noise {unknown}
Potions
 e - 2 potions of resistance
 f - a potion of curing
 l - a potion of cancellation {unknown}


   Skills:
 + Level 5.2 Fighting
 + Level 3.1(3.3) Short Blades
 + Level 1.6(2.8) Long Blades
 * Level 7.8 Ranged Weapons
 + Level 3.3 Armour
 + Level 3.4 Dodging
 + Level 2.1 Stealth


You had 7 spell levels left.
You didn't know any spells.
Your spell library contained the following spells:

 Spells                   Type           Power      Damage    Failure   Level
 Apportation              Tloc           0%         N/A       19%         1
 Shock                    Conj/Air       0%         1d3       19%         1
 Jinxbite                 Hex            0%         N/A       28%         2
 Static Discharge         Conj/Air       0%         3-3/arc   28%         2
 Sublimation of Blood     Necr           0%         N/A       28%         2
 Wereblood                Tmut           0%         N/A       28%         2
 Swiftness                Air            0%         N/A       47%         3
 Airstrike                Air            0%         2d(0-16)  86%         4
 Alistair's Intoxication  Tmut/Pois      0%         N/A       99%         5
 Summon Lightning Spire   Summ/Air       Unusable   N/A       N/A         4
 Summon Hydra             Summ           Unusable   N/A       N/A         7

Dungeon Overview and Level Annotations

Branches:
Dungeon (5/15)             Temple (1/1) D:5

Altars:
Elyvilon
Fedhas
Gozag
Hepliaklqana
Kikubaaqudgha
Makhleb
Nemelex Xobeh
Okawaru
Qazlal
Ru
Sif Muna
Uskayaw
Vehumet
Wu Jian
Xom
Yredelemnul
Zin
The Shining One


Innate Abilities, Weirdness & Mutations

You are amphibious.
You cover ground slowly.
You can hop short distances.
You have an extended range of vision and can be seen from far away.


Message History

The troll shouts!
The troll is moderately wounded.
You hear a howl!
You hear a shout!
Your +1 sling of freezing stops glowing.
You hear the crackle of electricity.
i - a +1 short sword of electrocution (weapon)
You barely miss the troll.
The troll is moderately wounded.
The troll bites you! The troll claws you. The troll claws you!
You hit the troll. Lightning courses through the troll!
The troll is severely wounded.
An orc warrior comes into view. It is wielding a +0 mace.
The troll closely misses you. The troll claws you!
The troll closely misses you.
You hit the troll but do no damage.
The troll is heavily wounded.
The troll bites you. The troll claws you. The troll claws you!
* * * LOW HITPOINT WARNING * * *
It was a potion of might.
You feel very mighty all of a sudden. The troll bites you.
* * * LOW HITPOINT WARNING * * *
The troll closely misses you. The troll misses you.
You hit the troll.
The troll is severely wounded.
The troll bites you but does no damage. The troll claws you but does no damage.
The troll claws you.
* * * LOW HITPOINT WARNING * * *
You puncture the troll! Your punch misses the troll.
The troll is almost dead.
You hear a shout! x2
You closely miss the troll.
The troll is almost dead.
The troll bites you.
* * * LOW HITPOINT WARNING * * *
The troll barely misses you. The troll claws you but does no damage.
You hit the troll.
The troll is almost dead.
The troll bites you!
You die...

# #. ## #.##o
#..T## #####
#@.###....##
#.#.#.#....#
#...#.......
###........#
#.......##
#.......#
######.......#
#....†######...
#.....# ..


You could see a troll and an orc warrior.

Vanquished Creatures
  Sigmund (D:3)
  Duvessa (D:4)
  A black bear (D:5)
  Blork the orc (D:5)
  3 scorpions
  Dowan (D:4)
  A howler monkey (D:5)
  A gnoll bouda (D:5)
  A hound (D:5)
  An orc priest (D:5)
  A sleepcap (D:5)
  Ijyb (D:4)
  Natasha (thrice) (D:3)
  An iguana (D:5)
  7 gnolls
  4 adders
  2 ufetubi (D:5)
  A worm (D:2)
  A dart slug (D:4)
  10 orcs
  7 ball pythons
  7 bats (D:3)
  4 endoplasms
  5 giant cockroaches
  16 goblins
  10 hobgoblins
  12 jackals
  4 quokkas
  5 frilled lizards
  6 kobolds
  A rat (D:1)
120 creatures vanquished.

Notes
Turn   | Place    | Note
-------+----------+-------------------------------------------
     0 | D:1      | wildpjah the Barachi Hunter began the quest for the Orb.
     0 | D:1      | Reached XP level 1. HP: 17/17 MP: 1/1
   169 | D:1      | Reached XP level 2. HP: 12/23 MP: 2/2
   436 | D:1      | Found a faded altar of an unknown god.
   436 | D:1      | Noticed a soul eater
   753 | D:1      | Reached XP level 3. HP: 28/28 MP: 3/3
  1131 | D:2      | Reached skill level 1 in Armour
  1304 | D:3      | Noticed Sigmund
  1319 | D:3      | Killed Sigmund
  1320 | D:3      | Reached skill level 1 in Short Blades
  1320 | D:3      | Reached skill level 1 in Long Blades
  1320 | D:3      | Reached skill level 5 in Ranged Weapons
  1320 | D:3      | Reached skill level 1 in Stealth
  1320 | D:3      | Reached XP level 4. HP: 3/35 MP: 4/4
  1320 | D:3      | Reached XP level 5. HP: 4/41 MP: 5/5
  1486 | D:3      | Noticed Natasha
  1488 | D:3      | Killed Natasha
  1521 | D:3      | Reached XP level 6. HP: 47/47 MP: 6/6
  1522 | D:3      | Noticed Natasha
  1530 | D:3      | Killed Natasha
  1616 | D:3      | Noticed Natasha
  1629 | D:3      | Killed Natasha
  2399 | D:3      | Reached skill level 6 in Ranged Weapons
  2546 | D:4      | Found a hide-covered altar of Uskayaw.
  2792 | D:4      | Reached XP level 7. HP: 53/53 MP: 7/7
  2948 | D:4      | Noticed Duvessa
  2948 | D:4      | Noticed Dowan
  2966 | D:4      | Killed Duvessa
  2987 | D:4      | HP: 1/55 [Dowan/+0 dagger (4)]
  2994 | D:4      | Killed Dowan
  3366 | D:4      | Noticed Ijyb
  3381 | D:4      | Killed Ijyb
  3759 | D:5      | Entered Level 5 of the Dungeon
  3793 | D:5      | Reached skill level 7 in Ranged Weapons
  4042 | D:5      | Reached XP level 8. HP: 16/61 MP: 8/8
  4276 | D:5      | Noticed Blork the orc
  4287 | D:5      | Killed Blork the orc
  4288 | D:5      | Reached skill level 5 in Fighting
  4458 | D:5      | Found a staircase to the Ecumenical Temple.
  4472 | Temple   | Entered the Ecumenical Temple
  4475 | Temple   | Became a worshipper of Warmaster Okawaru
  4543 | D:5      | Noticed a troll
  4553 | D:5      | Mangled by a troll

Illustrated notes

Levels and vault maps discovered:
D:1:      wander_arrival_estate, layout_basic,
          dreamdust_ecumenical_altar_sealed_demon
D:2:      layout_rooms
D:3:      layout_basic, minivault_26, roderic_batcave, nrook_mini_backslash,
          uniq_natasha, uniq_sigmund
D:4:      kennysheep_goblin_castle, layout_basic,
          nicolae_uskayaw_murder_on_the_dancefloor, uniq_duvessa
D:5:      layout_gridville, minmay_temple_entry_arrows,
          minmay_manual_monstrance, uniq_pikel, uniq_blork_the_orc
Temple:   sentei_temple_godly_chess

Skill      XL: |  1  2  3  4  5  6  7  8 |
---------------+-------------------------+-----
Armour         | 2 3 |  3.3
Fighting       | 3 4 5 |  5.2
Short Blades   | 1 2 3 |  3.1
Long Blades    | 1 |  1.6
Ranged Weapons | 5 6 7 |  7.8
Stealth        | 1 2 |  2.1
Dodging        | 3 |  3.4

Action                     |  1- 3 |  4- 6 |  7- 9 || total
---------------------------+-------+-------+-------++-------
  Melee: Short sword       |    39 |    64 |    98 ||   201
         Long sword        |     6 |       |       ||     6
         Punch             |     1 |       |       ||     1
   Fire: Shortbow          |    66 |    91 |       ||   157
         Sling             |       |       |   114 ||   114
Ability: Hop               |       |     1 |     2 ||     3
    Use: Potion            |       |     1 |     7 ||     8
         Scroll            |       |       |     1 ||     1
 Armour: Leather armour    |    28 |    59 |   100 ||   187
  Dodge: Dodged            |    42 |    69 |    73 ||   184

Table legend: (Time is in decaauts)
 A = Elapsed time spent in this place.
 B = Non-inter-level travel time spent in this place.
 C = Inter-level travel time spent in this place.
 D = Time resting spent in this place.
 E = Time spent auto-exploring this place.
 F = Levels seen in this place.
 G = Mean time per level.
                   A        B        C        D        E       F      G
               +--------+--------+--------+--------+--------+-----+--------+
         Total |   5037 |   4932 |    105 |    180 |   3919 |   6 |  839.5 |
       Dungeon |   5030 |   4930 |    100 |    180 |   3919 |   5 | 1006.0 |
        Temple |      7 |      3 |      4 |      0 |      0 |   1 |    7.0 |
               +--------+--------+--------+--------+--------+-----+--------+

Top non-repeatable levels by time:
     D:3: 1399 daAuts
     D:4: 1317 daAuts
     D:1: 1079 daAuts
     D:5: 823 daAuts
     D:2: 409 daAuts
  Temple: 7 daAuts
